 Dungeon Crawl Stone Soup version 0.17.1-3-g152610e (webtiles) character file.

17101 Peloso the Carver (level 12, -11/107 HPs)
             Began as a Minotaur Fighter on Apr 23, 2016.
             Was a High Priest of Okawaru.
             Killed from afar by Azrael (42 damage)
             ... with a blast of hellfire
             ... on level 12 of the Dungeon.
             The game lasted 00:46:08 (13460 turns).

Peloso the Carver (Minotaur Fighter)               Turns: 13460, Time: 00:46:08

Health: -11/107    AC: 23    Str: 23    XL:     12   Next: 15%
Magic:  12/12      EV: 15    Int:  5    God:    Okawaru [*****.]
Gold:   596        SH: 15    Dex: 13    Spells: 0 memorised, 11 levels left

rFire  + . .     SeeInvis .     b - +0 double sword (holy)
rCold  x . .     Clarity  .     N - +0 plate armour
rNeg   . . .     SustAt   .     c - +0 shield
rPois  .         Gourm    .     (helmet restricted)
rElec  .         Spirit   .     Z - +2 cloak {MR+}
rCorr  .         Warding  .     i - +0 pair of gloves
rMut   .         Stasis   .     H - -1 pair of boots
MR     +....                    (no amulet)
Stlth  ..........               D - +2 ring of evasion
                                h - ring of fire

@: heroism, somewhat resistant to hostile enchantments, extremely unstealthy
A: retaliatory headbutt, horns 2
a: Heroism, Finesse, Renounce Religion


You were on level 12 of the Dungeon.
You worshipped Okawaru.
Okawaru was extremely pleased with you.
You were not hungry.

You visited 2 branches of the dungeon, and saw 13 of its levels.
You also visited: Sewer and Ossuary.

You collected 596 gold pieces.

Inventory:

Hand Weapons
 b - a +0 double sword of holy wrath (weapon)
 y - a +3 long sword of holy wrath
 G - the +6 spear "Gokik" {antimagic, rN+ Str-4 Int+2}
   (You found it on level 5 of the Dungeon)

   It disrupts the flow of magical energy around spellcasters and certain
   magical creatures (including the wielder).
   It affects your strength (-4).
   It affects your intelligence (+2).
   It protects you from negative energy.
 R - a cursed +1 great sword
 Y - a +1 hand axe of flaming
Armour
 c - a +0 shield (worn)
 i - a +0 pair of gloves (worn)
 H - a -1 pair of boots (worn)
 N - a +0 plate armour (worn)
 Z - a +2 cloak of magic resistance (worn)
Jewellery
 h - a ring of fire (left hand)
 n - an uncursed ring of sustain attributes
 w - an uncursed amulet of rage
 D - a +2 ring of evasion (right hand)
 E - an uncursed ring of stealth
 S - a +2 ring of intelligence
Wands
 L - a wand of digging (24)
Scrolls
 f - 4 scrolls of remove curse
 j - 3 scrolls of fog
 k - a scroll of vulnerability {unknown}
 l - 2 scrolls of enchant weapon
 q - 4 scrolls of magic mapping
 v - 4 scrolls of teleportation
 A - 5 scrolls of recharging
 O - 2 scrolls of identify
 P - 2 scrolls of summoning
Potions
 d - 3 potions of might
 p - a potion of resistance
 r - 4 potions of heal wounds
 t - a potion of haste
 u - 6 potions of curing
 x - a potion of cure mutation
 z - 3 potions of flight
 B - 4 potions of agility
 C - a potion of brilliance
Comestibles
 a - 6 chunks of flesh
 e - 9 bread rations
 g - 7 slices of pizza
 J - 19 fruits
 K - 5 meat rations


   Skills:
 + Level 10.3(15.3) Fighting
 + Level 12.3(17.3) Long Blades
 + Level 1.0(6.0) Axes
 + Level 11.3(16.3) Armour
 + Level 7.5(12.5) Dodging
 + Level 2.0(7.0) Stealth
 + Level 11.5(16.5) Shields
 + Level 2.2 Invocations


You had 11 spell levels left.
You didn't know any spells.

Dungeon Overview and Level Annotations

Branches:
Dungeon (12/15)            Temple (1/1) D:4            Lair (0/8) D:8
    Orc (0/4) D:11

Altars:
Ashenzari
Cheibriados
Dithmenos
Elyvilon
Fedhas
Gozag
Kikubaaqudgha
Makhleb
Nemelex Xobeh
Okawaru
Qazlal
Ru
Sif Muna
Trog
Vehumet
Xom
Yredelemnul
Zin
The Shining One
Beogh

Shops:
D:4 !

Annotations:
D:12 Azrael


Innate Abilities, Weirdness & Mutations

You reflexively headbutt those who attack you in melee.
You have a pair of horns on your head.


Message History

The hellfire explodes!
The blast of hellfire engulfs you!
The blast of hellfire engulfs Azrael.
Azrael completely resists.
You slash Azrael!
Azrael convulses!
You headbutt Azrael!
Azrael is heavily wounded.
You block Azrael's attack.
You barely miss Azrael.
Azrael is heavily wounded.
You hit Azrael but do no damage. You headbutt Azrael!
Azrael is heavily wounded.
Azrael gestures at you.
The fireball explodes!
The fireball engulfs you! You resist.
* * * LOW HITPOINT WARNING * * *
The fireball engulfs Azrael.
Azrael completely resists.
You barely miss Azrael.
Azrael is heavily wounded.
You hit Azrael.
Azrael convulses.
You headbutt Azrael.
Azrael is severely wounded.
Azrael gestures at you.
The hellfire explodes!
The blast of hellfire engulfs you!
You die...

#.......%...#
+...........#
#...........#
#.:.........#
#........../+
#....ยงยง.....#
#....EEE....#
#####R###### #.@## ##..#
##.# #.# ###+#####
######.##### #........ #
#..........# +........
..##..........#.#........
#...............#........
####..........###........


You could see Azrael and a fire elemental.

Vanquished Creatures
  Maud (D:12)
  A hydra (D:11)
  2 orc knights (D:11)
  2 hill giants (D:11)
  2 ugly things (D:11)
  2 two-headed ogres
  The ghost of mrAntonBest the Archer, an amateur CeHu (D:3)
  A deep elf mage (D:9)
  23 yaks
  A hippogriff (D:10)
  A fire elemental (D:12)
  2 hungry ghosts
  2 shadows (D:11)
  3 hell hounds (D:12)
  Duvessa (D:5)
  6 orc warriors
  A black bear (D:10)
  2 ice beasts (D:9)
  2 water moccasins
  5 phantoms
  Purgy (Sewer)
  A sky beast (D:7)
  2 wasps
  4 ogres
  A crocodile (D:10)
  4 centaurs
  An elf zombie (Ossuary)
  4 big kobolds
  Dowan (D:5)
  12 giant frogs
  5 jellies
  6 scorpions
  3 killer bees (D:8)
  7 wights
  6 centaur zombies
  A giant frog zombie (D:7)
  12 orc priests
  4 crimson imps
  2 centaur skeletons
  9 hounds
  A human zombie (Ossuary)
  5 giant frog skeletons
  6 worker ants
  12 orc wizards
  An iguana (D:11)
  2 sheep (D:11)
  2 big kobold zombies (Ossuary)
  A hound skeleton (D:10)
  A hound zombie (D:11)
  3 mummies
  11 adders
  14 gnolls
  6 shadow imps
  2 oozes
  2 adder skeletons
  2 adder zombies
  4 worms
  6 giant geckos
  56 orcs
  11 bats
  7 giant cockroaches
  9 goblins
  7 hobgoblins
  7 quokkas
  2 ball pythons
  2 giant gecko skeletons (D:4)
  15 giant newts
  A goblin zombie (Ossuary)
  9 hobgoblin zombies (Ossuary)
  10 jackals
  10 kobolds
  8 kobold zombies (Ossuary)
  11 orc zombies (Ossuary)
  A quokka skeleton (D:5)
  9 rats
  A rat zombie (Ossuary)
  A spectral orc (D:8)
405 creatures vanquished.

Vanquished Creatures (collateral kills)
  An adder (D:7)
1 creature vanquished.

Vanquished Creatures (others)
  A jelly (D:12)
  An orc (D:5)
2 creatures vanquished.

Grand Total: 408 creatures vanquished

Notes
Turn   | Place    | Note
--------------------------------------------------------------
     0 | D:1      | Peloso the Minotaur Fighter began the quest for the Orb.
     0 | D:1      | Reached XP level 1. HP: 19/19 MP: 0/0
   148 | D:1      | Reached XP level 2. HP: 17/27 MP: 1/1
   189 | D:1      | Reached skill level 4 in Armour
   616 | D:2      | Reached XP level 3. HP: 26/33 MP: 2/2
   619 | D:2      | Found a faded altar to an unknown god.
  1123 | D:2      | Found a radiant altar of Vehumet.
  1267 | D:3      | Found a shattered altar of Ashenzari.
  1271 | D:3      | Saw a vision of the Shoals and the Snake Pit.
  1271 | D:3      | Noticed a merfolk
  1271 | D:3      | Noticed a merfolk
  1271 | D:3      | Noticed a sea snake
  1271 | D:3      | Noticed a naga
  1271 | D:3      | Noticed an anaconda
  1271 | D:3      | Noticed a naga
  1271 | D:3      | Noticed a naga ritualist
  1271 | D:3      | Noticed a naga mage
  1271 | D:3      | Noticed a naga
  1272 | D:3      | Noticed a merfolk
  1272 | D:3      | Noticed a mana viper
  1272 | D:3      | Noticed a black mamba
  1273 | D:3      | Noticed a merfolk
  1273 | D:3      | Noticed a black mamba
  1273 | D:3      | Noticed a centaur
  1273 | D:3      | Noticed a naga mage
  1273 | D:3      | Noticed a naga
  1293 | D:3      | Reached XP level 4. HP: 40/40 MP: 3/3
  1631 | D:3      | Noticed a giant frog
  1640 | D:3      | Killed a giant frog
  1640 | D:3      | Reached skill level 1 in Dodging
  1640 | D:3      | Reached XP level 5. HP: 43/46 MP: 4/4
  1719 | D:3      | Noticed mrAntonBest's ghost (amateur CeHu)
  1739 | D:3      | Killed mrAntonBest's ghost
  1739 | D:3      | Reached skill level 5 in Armour
  1739 | D:3      | Reached skill level 5 in Shields
  1739 | D:3      | Reached XP level 6. HP: 41/52 MP: 5/5
  1821 | D:3      | Found a glowing drain.
  1830 | Sewer    | Entered a sewer
  1987 | Sewer    | Noticed Purgy
  2013 | Sewer    | Killed Purgy
  2519 | D:3      | Reached XP level 7. HP: 45/60 MP: 6/6
  2989 | D:3      | Found a sparkling altar of Nemelex Xobeh.
  2990 | D:3      | Found a snail-covered altar of Cheibriados.
  3230 | D:4      | Reached skill level 6 in Armour
  3428 | D:4      | Reached skill level 5 in Fighting
  3490 | D:4      | Reached skill level 5 in Long Blades
  3521 | D:4      | Found a staircase to the Ecumenical Temple.
  3529 | Temple   | Entered the Ecumenical Temple
  3672 | D:4      | Found Effiug's Distillery.
  3868 | D:4      | Found an opulent altar of Gozag.
  4092 | D:5      | Entered Level 5 of the Dungeon
  4107 | D:5      | Reached XP level 8. HP: 68/68 MP: 7/7
  4263 | D:5      | Reached skill level 1 in Stealth
  4272 | D:5      | Found an iron altar of Okawaru.
  4275 | D:5      | Noticed Duvessa
  4275 | D:5      | Noticed Dowan
  4280 | D:5      | Became a worshipper of Warmaster Okawaru
  4288 | D:5      | Killed Duvessa
  4315 | D:5      | Killed Dowan
  4321 | D:5      | Got a brightly glowing spear
  4322 | D:5      | Identified the +6 spear "Gokik" {antimagic, rN+ Str-4 Int+2} (You found it on level 5 of the Dungeon)
  4551 | D:5      | Reached skill level 5 in Dodging
  4753 | D:5      | Found a sacrificial altar of Ru.
  4919 | D:5      | Reached skill level 7 in Armour
  5029 | D:5      | Reached * piety under Okawaru
  5261 | D:6      | Reached XP level 9. HP: 42/75 MP: 8/8
  5334 | D:6      | Found a sand-covered staircase.
  5342 | Ossuary  | Entered an ossuary
  5528 | Ossuary  | Reached skill level 8 in Shields
  5915 | D:6      | Reached ** piety under Okawaru
  6497 | D:6      | Found a stormy altar of Qazlal.
  7160 | D:7      | Found a burning altar of Makhleb.
  7827 | D:8      | Found a bloodstained altar of Trog.
  7827 | D:8      | Found a white marble altar of Elyvilon.
  7828 | D:8      | Found a shimmering altar of Xom.
  7947 | D:8      | Reached skill level 9 in Shields
  7973 | D:8      | Reached *** piety under Okawaru
  7973 | D:8      | Reached XP level 10. HP: 86/86 MP: 9/9
  8158 | D:8      | Found a basalt altar of Yredelemnul.
  8387 | D:8      | Found a staircase to the Lair.
  8458 | D:8      | Found a deep blue altar of Sif Muna.
  8885 | D:9      | Noticed a five-headed hydra
  9126 | D:9      | Found an iron altar of Okawaru.
  9536 | D:10     | Entered Level 10 of the Dungeon
  9943 | D:10     | Reached **** piety under Okawaru
 10282 | D:10     | Reached skill level 10 in Shields
 10502 | D:10     | Reached skill level 10 in Long Blades
 10535 | D:10     | Reached skill level 10 in Armour
 10844 | D:10     | Received a gift from Okawaru
 11112 | D:11     | Noticed a hill giant
 11119 | D:11     | Killed a hill giant
 11119 | D:11     | Reached XP level 11. HP: 44/95 MP: 10/10
 11338 | D:11     | Reached ***** piety under Okawaru
 11343 | D:11     | Noticed a green ugly thing
 11362 | D:11     | Killed a green ugly thing
 11600 | D:11     | Received a gift from Okawaru
 11647 | D:11     | Reached skill level 11 in Long Blades
 11670 | D:11     | Noticed a three-headed hydra
 11677 | D:11     | Killed a one-headed hydra
 11725 | D:11     | Noticed an orc knight
 11744 | D:11     | Killed an orc knight
 11782 | D:11     | Noticed an orc knight
 11819 | D:11     | Killed an orc knight
 12057 | D:11     | Found a roughly hewn altar of Beogh.
 12058 | D:11     | Found a staircase to the Orcish Mines.
 12135 | D:11     | Reached skill level 1 in Axes
 12175 | D:11     | Reached skill level 1 in Invocations
 12245 | D:11     | Noticed a green ugly thing
 12256 | D:11     | Killed a green ugly thing
 12870 | D:11     | Noticed a hill giant
 12879 | D:11     | Killed a hill giant
 13067 | D:11     | Reached skill level 10 in Fighting
 13077 | D:12     | Noticed Maud
 13123 | D:12     | Killed Maud
 13123 | D:12     | Reached skill level 12 in Long Blades
 13123 | D:12     | Reached XP level 12. HP: 76/106 MP: 5/12
 13433 | D:12     | Noticed Azrael
 13460 | D:12     | Killed from afar by Azrael

Action                   |  1- 3 |  4- 6 |  7- 9 | 10-12 || total
-------------------------+-------+-------+-------+-------++-------
Melee: Long sword        |   128 |   106 |   502 |   514 ||  1250
       Hand axe          |       |       |       |    10 ||    10
       Double sword      |       |       |       |    43 ||    43
Invok: Heroism           |       |       |       |     9 ||     9
       Finesse           |       |       |       |     1 ||     1
  Use: Scroll            |       |       |    19 |     6 ||    25
       Potion            |       |       |       |     1 ||     1
  Eat: Chunk             |     1 |     4 |    18 |    18 ||    41
       Pizza             |       |       |     1 |     1 ||     2
       Beef jerky        |       |       |       |     1 ||     1
